AoeStats
← el_monaguillo

Arabia

506912282Analyzed
2v2 RM · 17d ago on Sep 15, 2026· 89m 5s· 4 players
Game mode
Random Map
Map size
Medium (4 player)
Population
200
Speed
Normal
Resources
Standard
Victory
Conquest
Starting age
Dark Age
Ending age
Imperial Age
RankedLock teamsTeams togetherTeam positionsShared explorationLock speedFull tech treeHidden civsTurbo modeCheats
Victory
Defeat
🇪🇸 Aztecs · Spain
864
+17
🇪🇸 Ethiopians · Spain
820
+22
🇲🇽 Mongols · Mexico
965
-52
🇲🇽 Maya · Mexico
783
-14
el_monaguillo
5:43 Loom
12:46 Feudal Age
13:49 Double-Bit Axe
14:41 Horse Collar
14:50 Town Watch
17:21 Wheelbarrow
18:26 Man-at-Arms
32:17 Forging
32:07 Scale Mail Armor
34:37 Gold Mining
38:32 Castle Age
38:51 Stone Mining
41:33 Bow Saw
40:59 Long Swordsman
41:41 Squires
42:19 Caravan
43:39 Scale Barding Armor
44:15 Iron Casting
44:23 Coinage
45:00 Husbandry
45:41 Hand Cart
45:28 Town Patrol
45:15 Loom
45:57 Chain Barding Armor
45:51 Heavy Plow
46:33 Chain Mail Armor
46:27 Arson
59:03 Fervor
59:14 Sanctity
58:35 Crossbowman
64:03 Imperial Age
61:19 Light Cavalry
64:29 Thumb Ring
64:48 Onager
65:01 Arbalester
67:32 Conscription
68:50 Two-Man Saw
68:51 Banking
71:36 Cavalier
73:36 Two-Handed Swordsman
78:46 Atonement
78:48 Devotion
79:16 Illumination
80:58 Blast Furnace
80:28 Plate Mail Armor
79:49 Fletching
79:59 Padded Archer Armor
80:21 Royal Heirs
80:26 Torsion Engines
80:55 Capped Ram
82:28 Ballistics
83:09 Chemistry
82:05 Murder Holes
82:21 Masonry
82:04 Heated Shot
82:58 Hussar
83:43 Bodkin Arrow
83:44 Guard Tower
84:04 Siege Engineers
86:29 Guilds
88:06 Architecture
Jelt
10:18 Feudal Age
15:49 Scale Mail Armor
16:17 Arson
16:42 Double-Bit Axe
18:48 Forging
23:52 Castle Age
24:58 Wheelbarrow
24:01 Eagle Warrior
24:47 Squires
26:57 Bow Saw
29:31 Iron Casting
30:17 Hand Cart
29:49 Town Watch
33:34 Atlatl
41:26 Imperial Age
41:50 Chain Mail Armor
43:42 Garland Wars
43:45 Conscription
46:08 Murder Holes
46:44 Town Patrol
47:15 Gold Mining
46:53 Elite Eagle Warrior
47:30 Onager
49:43 Blast Furnace
49:14 Plate Mail Armor
51:06 Ballistics
50:35 Elite Jaguar Warrior
52:43 Heated Shot
53:55 Chemistry
56:09 Siege Onager
61:09 Fletching
61:19 Padded Archer Armor
81:14 Pikeman
82:55 Bodkin Arrow
83:15 Leather Archer Armor
85:11 Caravan
Yuli
11:06 Feudal Age
9:24 Loom
11:09 Feudal Age
20:34 Castle Age
22:51 Double-Bit Axe
31:53 Fletching
33:42 Man-at-Arms
34:20 Gold Mining
34:19 Horse Collar
35:06 Long Swordsman
51:31 Gold Shaft Mining
52:19 Squires
52:04 Arson
59:15 Imperial Age
56:13 Light Cavalry
59:10 Stone Mining
60:05 Two-Handed Swordsman
61:24 Nomads
62:22 Thumb Ring
64:15 Bodkin Arrow
64:20 Padded Archer Armor
67:30 Heavy Scorpion
73:59 Bow Saw
75:08 Chemistry
74:20 Hussar
79:16 Scale Barding Armor
79:50 Siege Engineers
80:26 Bloodlines
80:20 Husbandry
87:01 Drill
Harkcost
8:51 Loom
10:36 Feudal Age
15:08 Fletching
15:15 Double-Bit Axe
28:42 Horse Collar
29:10 Padded Archer Armor
34:04 Castle Age
34:13 Crossbowman
35:50 Gold Mining
39:12 Ballistics
39:10 Bodkin Arrow
44:56 Leather Archer Armor
51:17 Forging
51:08 Scale Mail Armor
52:54 Wheelbarrow
54:52 Imperial Age
51:46 Eagle Warrior
52:33 Squires
52:22 Arson
53:20 Chain Mail Armor
53:41 Iron Casting
54:11 Heavy Plow
54:23 Bow Saw
58:15 Two-Man Saw
57:48 Crop Rotation
58:54 Conscription
60:39 Blast Furnace
61:07 Holcans
61:13 Arbalester
63:56 Hand Cart
64:45 Chemistry
63:48 Bracer
64:29 Elite Eagle Warrior
66:58 Plate Mail Armor
74:11 Elite Skirmisher
77:04 Hul'che Javelineers
78:57 Ring Archer Armor
82:06 Thumb Ring
Connection lost

Rejoining the realm…

Still unreachable

The connection could not be restored.

Session expired

The server has moved on; the page needs a fresh start.